 Dungeon Crawl Stone Soup version 0.27-b1-42-g19c61b19a5 (webtiles) character file.

Game seed: 16844777158528649970

105 Urokeeper the Sneak (level 4, -1/34 HPs)
             Began as a Vampire Brigand on July 29, 2021.
             Succumbed to a scorpion's poison
             ... on level 3 of the Dungeon.
             The game lasted 00:05:51 (1988 turns).

Urokeeper the Sneak (Vampire Brigand)               Turns: 1988, Time: 00:05:51

Health: -1/34      AC:  4    Str: 10    XL:     4   Next: 54%
Magic:  4/4        EV: 12    Int: 13    God:
Gold:   93         SH:  0    Dex: 16    Spells: 3/3 levels left

rFire    . . .     SeeInvis +   a - +2 dagger
rCold    . . .     Faith    .   (no shield)
rNeg     . . .     Spirit   .   b - +0 robe
rPois    .         Reflect  .   i - +0 helmet
rElec    .         Harm     .   c - +0 cloak
rCorr    .         Rampage  .   (no gloves)
Will     .....                  (no boots)
Stlth    ++++......             (no amulet)
HPRegen  0.31/turn              g - ring of see invisible
MPRegen  0.09/turn              (no ring)

@: lethally poisoned (-1 -> -17), healing quickly
A: alive, fangs 3, see invisible, vampiric 2
a: Exsanguinate


You were on level 3 of the Dungeon.
You visited 1 branch of the dungeon, and saw 3 of its levels.

You collected 93 gold pieces.

Inventory:

Hand Weapons
 a - a +2 dagger (weapon)
Missiles
 d - 8 poisoned darts (quivered)
 e - 2 curare-tipped darts
Armour
 b - a +0 robe (worn)
 c - a +0 cloak (worn)
 i - a +0 helmet (worn)
Jewellery
 g - a ring of see invisible (left hand)
 l - a ring of positive energy
Scrolls
 f - a scroll of teleportation {unknown}
 h - a scroll of brand weapon {unknown}
 k - a scroll of vulnerability {unknown}
 m - a scroll of amnesia {unknown}
Potions
 j - 2 potions of heal wounds


   Skills:
 + Level 2.4 Fighting
 + Level 3.5 Short Blades
 + Level 1.6 Throwing
 + Level 1.7 Dodging
 + Level 7.2 Stealth


You had 3 spell levels left.
You didn't know any spells.
Your spell library contained the following spells:

 Spells                   Type           Power      Damage    Failure   Level
 Wereblood                Tmut           0%         N/A       43%         2
 Gell's Gravitas          Tloc           0%         N/A       67%         3
 Lesser Beckoning         Tloc           0%         N/A       67%         3
 Teleport Other           Tloc           0%         N/A       67%         3
 Dispersal                Tloc           0%         N/A       100%        6
 Summon Hydra             Summ           0%         N/A       100%        7
 Sublimation of Blood     Necr           Unusable   N/A       N/A         2

Dungeon Overview and Level Annotations

Branches:
Dungeon (3/15)

Altars:
Zin


Innate Abilities, Weirdness & Mutations

Your natural rate of healing is accelerated.
You have razor-sharp teeth.
You have supernaturally acute eyesight. (SInv)
You are afflicted with vampirism and can become a bat while bloodless.


Message History

The scorpion closely misses you.
You hit the scorpion but do no damage.
You bite the scorpion, but do no damage.
The scorpion is heavily wounded.
The scorpion barely misses you.
You hit the scorpion.
The scorpion is severely wounded.
The scorpion barely misses you.
You barely miss the scorpion.
You bite the scorpion, but do no damage.
The scorpion is severely wounded.
The scorpion stings you.
You are poisoned.
The scorpion poisons you!
You closely miss the scorpion.
The scorpion is severely wounded.
You feel sick.
The scorpion stings you but does no damage.
You hit the scorpion.
The scorpion is severely wounded.
You feel sick. The scorpion closely misses you.
You hit the scorpion but do no damage.
The scorpion is severely wounded.
You feel sick. The scorpion stings you.
You are more poisoned.
The scorpion poisons you!
You are too injured to fight recklessly!
You are too injured to fight recklessly!
You are too injured to fight recklessly!
You are too injured to fight recklessly!
You feel very sick.
* * * LOW HITPOINT WARNING * * *
You feel very sick. The scorpion stings you.
* * * LOW HITPOINT WARNING * * *
You are lethally poisoned!
The scorpion poisons you!
* * * LOW HITPOINT WARNING * * *
You feel very sick.
You die...

....... ..... ##.###...#
#...[....# #.. #.# # #.# .
#..####.##.# .. .#
###......s...# ..#.
...###.##.#### # .#.##.
##.#@# ## ..... #...# #. #.
#.## ##.#.###############.
#>###.###.##.#...<...##......
#............#.#####.##.##...
######...#####.#####.##.##.#.
#...# #.##..........#. #...#
#.##.##.##.####. #...#
#.##.#.......###


You could see a scorpion.

Vanquished Creatures
  Jessica (D:2)
  2 adders (D:2)
  A worm (D:2)
  2 dart slugs
  4 orcs (D:3)
  5 bats (D:1)
  3 endoplasms
  3 giant cockroaches
  6 hobgoblins
  4 jackals (D:1)
  3 kobolds (D:1)
  2 quokkas
  6 frilled lizards
  2 goblins
  5 rats (D:1)
49 creatures vanquished.

Notes
Turn   | Place    | Note
-------+----------+-------------------------------------------
     0 | D:1      | Urokeeper the Vampire Brigand began the quest for the Orb.
     0 | D:1      | Reached XP level 1. HP: 16/16 MP: 1/1
    68 | D:1      | Reached skill level 6 in Stealth
   117 | D:1      | Reached XP level 2. HP: 19/22 MP: 2/2
   411 | D:1      | Gained mutation: You are afflicted with vampirism and can
                  | become a bat while bloodless. [Vampire growth]
   411 | D:1      | Reached XP level 3. HP: 27/27 MP: 3/3
  1305 | D:2      | Noticed Jessica
  1316 | D:2      | Killed Jessica
  1317 | D:2      | Reached skill level 7 in Stealth
  1317 | D:2      | Reached XP level 4. HP: 24/34 MP: 4/4
  1415 | D:2      | Found a faded altar of an unknown god.
  1968 | D:3      | Noticed a scorpion
  1988 | D:3      | Succumbed to a scorpion's poison

Illustrated notes

Levels and vault maps discovered:
D:1:      tarquinn_simple_flora_water_a, layout_loops_ring, minmay_pentomino_z4
D:2:      layout_basic, chequers_ecumenical_altar_island, basic_altar,
          uniq_jessica
D:3:      layout_loops_cross

Skill      XL: |  1  2  3 |
---------------+----------+-----
Stealth        | 6 7 |  7.2
Fighting       | 2 |  2.4
Short Blades   | 3 |  3.5
Throwing       | |  1.6
Dodging        | |  1.7

Action                   |  1- 3 |  4- 6 || total
-------------------------+-------+-------++-------
Melee: Dagger            |   118 |    44 ||   162
       Bite              |     9 |     9 ||    18
Throw: Dart              |     6 |       ||     6
 Stab: Sleeping          |    11 |     1 ||    12
Armor: Robe              |    51 |     4 ||    55
Dodge: Dodged            |    66 |    19 ||    85
